 Dungeon Crawl Stone Soup version 0.23.2-1-ga50397a6bc (webtiles) character file.

Game seed: 4809518455705982359

1076 OneEyedShark the Ruffian (level 8, -2/79 HPs)
             Began as a Troll Berserker on May 28, 2019.
             Was a Priest of Trog.
             Slain by a bullfrog (4 damage)
             ... on level 5 of the Dungeon.
             The game lasted 00:07:38 (3289 turns).

OneEyedShark the Ruffian (Troll Berserker)          Turns: 3289, Time: 00:07:39

Health: -2/79      AC:  7    Str: 26    XL:     8   Next: 8%
Magic:  7/7        EV: 11    Int:  3    God:    Trog [***...]
Gold:   347        SH:  0    Dex: 11    Spells: 7/7 levels left

rFire    . . .     SeeInvis .     - Unarmed
rCold    . . .     Gourm    +   (no shield)
rNeg     + . .     Faith    .   a - +0 animal skin
rPois    .         Spirit   .   (helmet restricted)
rElec    .         Reflect  .   t - +0 cloak
rCorr    .         Harm     .   (gloves unavailable)
MR       .....                  (boots unavailable)
Stlth    +.........             (no amulet)
HPRegen  0.63/turn              r - ring of positive energy
MPRegen  0.10/turn              (no ring)

@: no status effects
A: large, unfitting armour, claws 3, fast metabolism 3, gourmand, regeneration
1, shaggy fur 1, tough skin 3
a: Berserk, Trog's Hand, Renounce Religion


You were on level 5 of the Dungeon.
You worshipped Trog.
Trog was most pleased with you.
You were very full.

You visited 1 branch of the dungeon, and saw 6 of its levels.

You collected 347 gold pieces.

Inventory:

Hand Weapons
 y - a +0 morningstar
Armour
 a - a +0 animal skin (worn)
 t - a +0 cloak (worn)
Jewellery
 r - a ring of positive energy (left claw)
 v - an uncursed amulet of rage
Wands
 i - a wand of enslavement (6)
Scrolls
 e - a scroll of fear
 q - a scroll of teleportation
Potions
 g - a potion of might
 h - a potion of magic
 j - a potion of agility
 l - 4 potions of curing
 m - 3 potions of brilliance
 p - 3 potions of lignification
 s - 3 potions of haste {unknown}
 x - a potion of cancellation {unknown}
Comestibles
 b - 11 rations


   Skills:
 + Level 4.4 Fighting
 + Level 4.5 Dodging
 * Level 7.5 Unarmed Combat


You had 7 spell levels left.
You didn't know any spells.
Your spell library was empty.

Dungeon Overview and Level Annotations

Branches:
Dungeon (6/15)             Temple (0/1) D:4

Altars:
Kikubaaqudgha
Trog

Shops:
D:4 *


Innate Abilities, Weirdness & Mutations

You are too large for most types of armour.
You have claws for hands.
Your metabolism is lightning-fast.
You like to eat raw meat.
Your natural rate of healing is unusually fast.
You are covered in fur. (AC +1)
You have extremely tough skin. (AC +3)


Message History

The bullfrog is heavily wounded.
The bullfrog hits you.
* * * LOW HITPOINT WARNING * * *
The bullfrog barely misses you.
You scratch the bullfrog. You claw the bullfrog.
The bullfrog is almost dead.
The bullfrog hits you but does no damage.
The bullfrog misses you.
The bullfrog hits you but does no damage.
You miss the bullfrog.
The bullfrog is almost dead.
The bullfrog hits you!
* * * LOW HITPOINT WARNING * * *
The bullfrog hits you.
* * * LOW HITPOINT WARNING * * *
The bullfrog hits you but does no damage.
The bullfrog hits you.
* * * LOW HITPOINT WARNING * * *
The bullfrog hits you.
You die...

# ##.......#..##......#
# ##.....###.##......# #
#####.# #...##.#.## #
#.#####..#.#..## # #..#
##.#.##..# ## # ####
##.# #...#######. #
#..####.# ##..####.... #
#....##.# #..##...### #
#.##...@# #.##..###.. #
#.####FF######.#..##...#
## #.#
##.>....###.##....# .#
#.# #.####..#..#....##
.# #.# #.# ##.#.##...##.
.# #.# #.# ###.#...##..
.# #.# #.####
#..#.###..#
.#########.## #.##.#
#..#.....##
.#.......#..####.##.#
#.....####.


You could see 2 bullfrogs.

Vanquished Creatures
  Sigmund (D:2)
  An ice beast (D:5)
  An ogre (D:5)
  2 centaurs
  A bullfrog (D:4)
  A scorpion (D:5)
  2 howler monkeys (D:5)
  A crimson imp (D:5)
  A hound (D:4)
  An orc wizard (D:5)
  An orc priest (D:5)
  A bullfrog skeleton (D:5)
  A worker ant (D:4)
  2 iguanas (D:5)
  6 adders
  A shadow imp (D:5)
  An ooze (D:2)
  2 worms (D:2)
  3 dart slugs (D:1)
  5 leopard geckos
  9 orcs
  5 bats
  3 giant cockroaches
  7 goblins
  12 hobgoblins
  3 jackals (D:3)
  2 quokkas
  4 ball pythons
  2 frilled lizards
  7 kobolds
  A leopard gecko skeleton (D:4)
  A quokka skeleton (D:4)
  7 rats
98 creatures vanquished.

Notes
Turn   | Place    | Note
-------+----------+-------------------------------------------
     0 | D:1      | OneEyedShark the Troll Berserker began the quest for the
                  | Orb.
     0 | D:1      | Reached XP level 1. HP: 22/22 MP: 0/0
    77 | D:1      | Reached XP level 2. HP: 25/29 MP: 1/1
   365 | D:1      | Reached XP level 3. HP: 36/36 MP: 2/2
   695 | D:2      | Reached ** piety under Trog
  1020 | D:2      | Noticed Sigmund
  1030 | D:2      | Killed Sigmund
  1030 | D:2      | Reached skill level 5 in Unarmed Combat
  1030 | D:2      | Reached XP level 4. HP: 11/45 MP: 3/3
  1030 | D:2      | Reached XP level 5. HP: 13/53 MP: 4/4
  1829 | D:3      | Noticed a centaur
  1835 | D:3      | Killed a centaur
  1835 | D:3      | Reached XP level 6. HP: 45/61 MP: 5/5
  2062 | D:4      | Found a staircase to the Ecumenical Temple.
  2062 | D:4      | You fall through a shaft!
  2062 | D:5      | Entered Level 5 of the Dungeon
  2080 | D:5      | Reached skill level 6 in Unarmed Combat
  2088 | D:5      | Noticed an ice beast
  2097 | D:5      | Killed an ice beast
  2097 | D:5      | Reached XP level 7. HP: 39/68 MP: 6/6
  2147 | D:4      | Found Podann's Assorted Antiques.
  2379 | D:4      | Found a bloodstained altar of Trog.
  2380 | D:4      | Found an ancient bone altar of Kikubaaqudgha.
  2484 | D:4      | Reached *** piety under Trog
  2683 | D:5      | Reached skill level 7 in Unarmed Combat
  2876 | D:5      | Reached XP level 8. HP: 66/79 MP: 7/7
  3287 | D:5      | HP: 3/79 [bullfrog (3)]
  3289 | D:5      | Slain by a bullfrog

Skill      XL: |  1  2  3  4  5  6  7 |
---------------+----------------------+-----
Fighting       | 3 4 |  4.4
Dodging        | 3 4 |  4.5
Unarmed Combat | 5 6 7 |  7.5

Action                   |  1- 3 |  4- 6 |  7- 9 || total
-------------------------+-------+-------+-------++-------
Melee: Unarmed           |   104 |    68 |   107 ||   279
       Punch             |     1 |     2 |     3 ||     6
  Use: Scroll            |       |       |    14 ||    14
 Stab: Sleeping          |       |       |     1 ||     1
  Eat: Chunk             |    15 |    10 |    10 ||    35
Armor: Animal skin       |    24 |    26 |    47 ||    97
Dodge: Dodged            |    39 |    41 |    73 ||   153
